Map: Base du roi Sejong EC

Players

MaxSel

  • Race: Protoss Protoss
  • League: Gold

seaLiFe - Winner!

  • Race: Terran Terran
  • League: Gold

VOD

Have the link to the VOD?

Description

Time

  • Played on: Oct. 5, 2016, 10:59 a.m.
  • Length: 16:34
Show
View Real Time Build Order
Export as new Build Order

MaxSel Protoss 

Build Orders:  

Get SALT Encoding   

  12  0:03  Probe (Chrono Boost)  
  13  0:14  Probe (Chrono Boost)  
  14  0:20  Pylon  
  14  0:24  Probe (Chrono Boost)  
  15  0:40  Probe (Chrono Boost), Gateway  
  16  0:47  Assimilator  
  16  0:51  Probe (Chrono Boost)  
  16  0:57  Pylon  
  17  1:02  Probe (Chrono Boost)  
  18  1:04  Assimilator  
  18  1:12  Probe (Chrono Boost)  
  19  1:23  Probe (Chrono Boost)  
  20  1:28  Cybernetics Core  
  20  1:35  Probe (Chrono Boost)  
  21  1:45  Probe (Chrono Boost)  
  22  1:55  Forge  
  22  2:00  Stalker  
  26  2:09  Mothership Core (Chrono Boost)  
  26  2:12  Pylon  
  26  2:26  Stalker  
  28  2:38  Photon Cannon  
  28  2:46  Photon Cannon  
  29  2:52  Probe (Chrono Boost)  
  29  3:00  Stalker  
  29  3:02  Stargate  
  31  3:13  Pylon  
  31  3:36  Nexus  
  31  3:46  Photon Cannon  
  31  3:54  Probe (Chrono Boost)  
  32  4:00  Stalker  
  32  4:06  Probe (Chrono Boost)  
  35  4:12  Photon Cannon  
  35  4:20  Void Ray  
  35  4:22  Probe (Chrono Boost)  
  41  4:39  Probe (Chrono Boost)  
  28  5:15  Void Ray  
  32  5:34  Stalker  
  34  5:41  Stargate  
  35  5:42  Probe (Chrono Boost)  
  35  5:51  Pylon  
  35  5:53  Probe (Chrono Boost)  
  35  5:54  Probe (Chrono Boost)  
  35  5:56  Void Ray  
  41  6:09  Stalker  
  43  6:14  Photon Cannon  
  43  6:17  Probe (Chrono Boost)  
  44  6:27  Robotics Facility, Void Ray  
  44  6:28  Probe (Chrono Boost)  
  49  6:39  Void Ray  
  49  6:40  Probe (Chrono Boost)  
  54  6:51  Probe (Chrono Boost)  
  55  6:57  Pylon  
  55  7:05  Void Ray  
  60  7:17  Probe (Chrono Boost)  
  60  7:19  Assimilator  
  60  7:25  Photon Cannon  
  60  7:28  Observer  
  61  7:35  Photon Cannon  
  61  7:39  Probe (Chrono Boost), Void Ray  
  62  7:49  Observer  
  68  7:51  Probe (Chrono Boost)  
  68  8:03  Probe (Chrono Boost)  
  69  8:15  Pylon  
  69  8:19  Assimilator  
  69  8:25  Probe (Chrono Boost)  
  70  8:32  Protoss Air Weapons Level 1  
  74  8:40  Probe (Chrono Boost)  
  75  8:52  Probe (Chrono Boost)  
  75  8:54  Void Ray  
  76  9:06  Pylon  
  76  9:09  Pylon  
  76  9:22  Photon Cannon  
  76  9:23  Void Ray  
  80  9:34  Protoss Shields Level 1  
  80  9:35  Void Ray  
  80  9:37  Cybernetics Core  
  84  9:47  Pylon  
  84  9:59  Fleet Beacon  
  84  10:04  Void Ray  
  88  10:14  Stargate  
  88  10:30  Void Ray  
  88  10:39  Protoss Air Armor Level 1  
  92  11:05  Pylon  
  92  11:12  Pylon  
  92  11:19  Photon Cannon  
  92  11:25  Void Ray  
  92  11:29  Twilight Council  
  96  11:34  Observer  
  96  11:39  Protoss Air Weapons Level 2  
  97  11:57  Photon Cannon  
  97  12:04  Pylon  
  97  12:29  Nexus  
  97  12:33  Assimilator  
  97  12:36  Pylon  
  97  12:40  Assimilator  
  97  12:41  Protoss Shields Level 2  
  97  12:45  Protoss Air Armor Level 2  
  97  12:47  Carrier  
  97  12:50  Carrier  
  103  13:02  Photon Cannon  
  109  13:14  Photon Cannon  
  109  13:18  Carrier  
  121  14:23  Pylon  
  121  14:31  Carrier  
  121  14:32  Probe (Chrono Boost)  
  122  14:43  Probe (Chrono Boost)  
  129  14:54  Probe (Chrono Boost)  
  130  15:06  Probe (Chrono Boost)  
  131  15:18  Probe (Chrono Boost)  
  131  15:19  Observer  
  140  15:30  Probe (Chrono Boost)  
  140  15:31  Pylon  
  140  15:34  Pylon  
  140  15:42  Probe (Chrono Boost)  
  141  15:44  Void Ray  
  145  16:01  Stargate  
Show
View Real Time Build Order
Export as new Build Order

seaLiFe Terran - Winner!

Build Orders:  

Get SALT Encoding   

  12  0:03  SCV  
  13  0:15  SCV  
  14  0:24  Supply Depot  
  14  0:25  Refinery  
  14  0:29  SCV  
  15  0:46  SCV  
  15  0:48  Barracks  
  16  1:02  Barracks  
  16  1:04  SCV  
  17  1:16  Supply Depot  
  17  1:19  SCV  
  18  1:31  SCV  
  19  1:37  Barracks Reactor  
  19  1:43  Orbital Command  
  19  1:48  Barracks Tech Lab  
  19  2:05  Supply Depot  
  19  2:08  Stimpack  
  19  2:13  Marine x3  
  22  2:18  SCV  
  23  2:34  Marauder, Marine x2  
  27  2:37  SCV  
  28  2:55  Marauder  
  30  3:00  Command Center, Marine  
  31  3:08  Marine  
  32  3:16  Marauder  
  32  3:18  Marine  
  35  3:25  Supply Depot  
  35  3:26  Marine  
  35  3:36  Marine  
  35  3:38  Marauder  
  38  3:43  Engineering Bay  
  38  3:44  Marine  
  39  3:52  SCV  
  39  3:54  Marine  
  41  3:59  Marine  
  42  4:04  SCV  
  42  4:08  Marine  
  42  4:09  Concussive Shells  
  44  4:12  Marine  
  44  4:16  Marine  
  46  4:18  Factory  
  46  4:26  Barracks  
  46  4:27  Terran Infantry Weapons Level 1  
  46  4:31  Marine x2  
  36  5:15  Marine  
  36  5:16  Marine x2  
  38  5:25  Starport  
  37  5:32  Orbital Command  
  37  5:33  Marine x2  
  37  5:34  Marine  
  37  5:35  Refinery x2  
  39  5:39  Missile Turret  
  39  5:51  Marine  
  40  5:57  Marine  
  40  5:59  Barracks Reactor  
  40  6:01  Marauder  
  43  6:05  Starport Reactor  
  43  6:09  Marine  
  44  6:12  Refinery  
  44  6:15  Marine  
  45  6:21  Terran Infantry Armor Level 1, SCV  
  46  6:31  SCV  
  47  6:33  SCV  
  47  6:36  Marine x2  
  47  6:37  Marine x3  
  53  6:43  SCV  
  53  6:46  SCV  
  55  6:47  Supply Depot  
  55  6:52  Supply Depot  
  55  6:55  SCV  
  55  7:00  Armory  
  56  7:08  Medivac x2  
  60  7:16  SCV x2  
  60  7:22  Marine x2  
  63  7:28  SCV x2  
  66  7:35  Supply Depot x2  
  66  7:38  Medivac x2  
  70  7:48  Marine x5  
  75  7:53  SCV  
  76  8:06  Marine x2  
  76  8:10  Marine  
  79  8:15  Terran Infantry Weapons Level 2  
  79  8:21  SCV x2  
  79  8:24  Marine  
  82  8:29  Medivac  
  82  8:33  SCV x2  
  86  8:47  Marine x3  
  86  8:48  Marine  
  81  9:04  Marine  
  81  9:05  Marine x4  
  86  9:22  Marine  
  86  9:23  Command Center  
  86  9:24  Medivac x2  
  91  9:33  Barracks  
  91  9:37  Barracks  
  91  9:38  Marine x2  
  93  9:55  Marine  
  94  10:05  Supply Depot  
  94  10:06  Supply Depot x2  
  94  10:26  Marine x5  
  99  10:36  Barracks Reactor  
  99  10:37  Barracks Reactor  
  99  10:44  Marine x5  
  94  11:02  Marine x5  
  99  11:20  Marine x5  
  99  11:25  Terran Infantry Weapons Level 3  
  104  11:33  Marine x4  
  104  11:37  Marine x5  
  113  11:51  Marine x3  
  116  11:54  Refinery  
  116  12:01  Starport Tech Lab  
  107  12:23  Marine x6  
  107  12:24  Marine x3  
  116  12:33  Supply Depot  
  116  12:35  Supply Depot  
  116  12:37  Raven  
  116  12:41  Marine x6  
  116  12:42  Orbital Command, Marine x3  
  127  12:49  SCV x2  
  129  12:58  Marine  
  129  12:59  Marine x5  
  129  13:01  SCV x2  
  137  13:16  Supply Depot  
  137  13:18  Supply Depot  
  137  13:20  Raven  
  137  13:21  Supply Depot  
  139  13:27  Marine x2  
  139  13:28  Marine x4  
  139  13:29  Marine  
  146  13:37  SCV  
  147  13:44  Marine x2  
  147  13:45  Marine  
  150  13:49  SCV  
  151  13:57  Marine x5  
  151  13:58  Marine  
  151  14:01  Terran Infantry Armor Level 2, SCV  
  158  14:02  Raven, Supply Depot  
  158  14:09  Supply Depot  
  160  14:13  SCV  
  160  14:15  Marine x6  
  160  14:16  Marine  
  168  14:22  Marine x2  
  170  14:32  Marine  
  170  14:33  Marine  
  170  14:38  Marine x4  
  174  14:43  Command Center  
  176  14:45  Raven  
  178  15:04  Orbital Command  
  178  15:16  Marine x7  
  178  15:17  Marine x2  
  187  15:33  Marine  
  187  15:34  Marine  
  189  15:55  Marine x2  
  189  15:56  Barracks  
  191  15:58  Barracks  
  191  16:00  Barracks  
Tags
 
Add a new tag
Caveats
  • Supply blocks, unpowered buildings, or Contaminate may cause inaccurate times.
  • Supply counts are checked every 10 seconds.